 Dungeon Crawl Stone Soup version 0.26-a0-478-g6c97825307 (webtiles) character file.

Game seed: 14484901812090050506

228 KristoblXynda the Ducker (level 5, 0/30 HPs)
             Began as a Vampire Gladiator on Aug 1, 2020.
             Slain by an ogre
             ... wielding a +0 giant club
              (6 damage)
             ... on level 4 of the Dungeon.
             The game lasted 00:04:39 (3531 turns).

KristoblXynda the Ducker (Vampire Gladiator)        Turns: 3531, Time: 00:04:39

Health: 0/30       AC:  6    Str: 13    XL:     5   Next: 71%
Magic:  5/5        EV: 14    Int: 12    God:
Gold:   151        SH:  0    Dex: 15    Spells: 4/4 levels left

rFire    . . .     SeeInvis +   a - +0 long sword
rCold    + + .     Faith    .   (no shield)
rNeg     + + +     Spirit   .   b - +0 leather armour
rPois    ∞         Reflect  .   c - +0 helmet
rElec    .         Harm     .   (no cloak)
rCorr    .                      y - +1 pair of gloves
MR       .....                  (no boots)
Stlth    ++++......             (no amulet)
HPRegen  0.00/turn              (no ring)
MPRegen  0.09/turn              h - ring of flight

@: bloodless
A: fangs 3, see invisible, unbreathing
a: Bat Form, Revivify, Evoke Flight


You were on level 4 of the Dungeon.
You visited 1 branch of the dungeon, and saw 4 of its levels.

You collected 151 gold pieces.

Inventory:

Hand Weapons
 a - a +0 long sword (weapon)
Missiles
 d - 3 throwing nets (quivered)
Armour
 b - a +0 leather armour (worn)
 c - a +0 helmet (worn)
 k - a +1 hat
 p - a +2 ring mail of fire resistance
 y - a +1 pair of gloves (worn)
Jewellery
 e - an uncursed amulet of magic regeneration
 h - a ring of flight (right hand)
Scrolls
 g - 2 scrolls of remove curse
 i - a scroll of fog {unknown}
 j - a scroll of blinking {unknown}
 m - a scroll of noise {unknown}
 o - a scroll of teleportation {unknown}
 q - a scroll of amnesia {unknown}
 v - 2 scrolls of immolation {unknown}
 w - a scroll of enchant armour {unknown}
 x - a scroll of magic mapping {unknown}
Potions
 f - a potion of brilliance {unknown}
 l - 2 potions of magic
 n - 4 potions of curing {unknown}
 r - 2 potions of ambrosia {unknown}
 s - 2 potions of might {unknown}
 t - a potion of degeneration {unknown}
 u - a potion of lignification {unknown}
 z - a potion of flight {unknown}


   Skills:
 - Level 2.1 Fighting
 + Level 4.1 Long Blades
 - Level 2.0 Throwing
 + Level 1.6 Armour
 + Level 4.5 Dodging
 + Level 3.6 Stealth


You had 4 spell levels left.
You didn't know any spells.
Your spell library was empty.

Dungeon Overview and Level Annotations

Branches:
Dungeon (4/15)
 Temple: D:4-7

Altars:
Cheibriados
Fedhas
Qazlal
Trog
Yredelemnul
Zin

Annotations:
D:4 exclusion: oklob plant


Innate Abilities, Weirdness & Mutations

You do not regenerate when monsters are visible.
You are frail without blood (-20% HP).
You can heal yourself when you bite living creatures.
You are immune to poison.
You have razor-sharp teeth.
You have supernaturally acute eyesight. (SInv)
You can survive without breathing.


Message History

Okay, then.
Found a stone staircase leading down.
The ogre shouts!
You see here an embroidered hat.
k - an embroidered hat You slash the ogre!
You bite the ogre.
You draw the ogre's blood!
The ogre is moderately wounded.
The ogre barely misses you.
You riposte.
You slash the ogre!
The ogre is severely wounded.
You slash the ogre!
The ogre is almost dead.
The ogre hits you with a +0 giant club!
You hit the ogre.
The ogre is almost dead.
The ogre hits you with a +0 giant club!
* * * LOW HITPOINT WARNING * * *
You barely miss the ogre.
The ogre is almost dead.
The ogre hits you with a +0 giant club.
You die...

#........## #..........#
#..........#
#.........>#
#..........#
#..........# #........#
##........##
#.........@###
#..........O...#
#...............#
#....)...........#
#######.......<........#
.......................#
########...............#
# ###...............#
######...............


You could see an ogre.

Vanquished Creatures
  A hound (D:4)
  Terence (D:3)
  A worker ant (D:4)
  3 adders
  4 gnolls (D:3)
  An ooze (D:4)
  An adder skeleton (D:3)
  2 worms
  2 dart slugs
  2 leopard geckos
  3 orcs (D:3)
  3 giant cockroaches
  10 goblins
  6 hobgoblins
  4 jackals (D:1)
  A ball python (D:3)
  7 bats
  4 frilled lizards (D:1)
  6 kobolds
  7 rats
69 creatures vanquished.

Notes
Turn   | Place    | Note
-------+----------+-------------------------------------------
     0 | D:1      | KristoblXynda the Vampire Gladiator began the quest for the
                  | Orb.
     0 | D:1      | Reached XP level 1. HP: 16/16 MP: 1/1
    82 | D:1      | Reached XP level 2. HP: 10/22 MP: 2/2
   681 | D:1      | Reached XP level 3. HP: 21/21 MP: 3/3
   776 | D:2      | Found a snail-covered altar of Cheibriados.
   776 | D:2      | Found a blossoming altar of Fedhas.
   776 | D:2      | Found a basalt altar of Yredelemnul.
   826 | D:2      | Reached skill level 1 in Stealth
  1545 | D:2      | Found a bloodstained altar of Trog.
  1854 | D:3      | Found a stormy altar of Qazlal.
  1860 | D:3      | Reached XP level 4. HP: 26/26 MP: 4/4
  2058 | D:3      | Noticed Terence
  2069 | D:3      | Killed Terence
  2382 | D:3      | Reached skill level 1 in Armour
  2689 | D:3      | Reached XP level 5. HP: 27/30 MP: 5/5
  2958 | D:3      | Found a glowing silver altar of Zin.
  3187 | D:4      | Found a blossoming altar of Fedhas.
  3208 | D:4      | Noticed an oklob plant
  3430 | D:4      | Noticed an ogre
  3531 | D:4      | Slain by an ogre

Illustrated notes

Levels and vault maps discovered:
D:1:      dpeg_arrival_rooms_with_view, layout_rooms
D:2:      layout_loops_cross, bloody_trog, grunt_temple_overflow_open,
          minmay_pentomino_s2
D:3:      layout_basic, zin_academy, lemuel_crystal_altar, minmay_pentangle,
          uniq_terence
D:4:      layout_rooms, minmay_tree_intersection, tgw_fedhas

Skill      XL: |  1  2  3  4  5 |
---------------+----------------+-----
Fighting       | 2 |  2.1
Throwing       | 2 |  2.0
Stealth        | 1 2 3 |  3.6
Dodging        | 4 |  4.5
Armour         | 1 |  1.6
Long Blades    | 4 |  4.1

Action                   |  1- 3 |  4- 6 || total
-------------------------+-------+-------++-------
Melee: Long sword        |   109 |    78 ||   187
       Bite              |     9 |    10 ||    19
 Abil: Exsanguinate      |     2 |       ||     2
  Use: Scroll            |     1 |     2 ||     3
 Stab: Sleeping          |    14 |     6 ||    20
       Distracted        |       |     1 ||     1
Armor: Leather armour    |    32 |    13 ||    45
Dodge: Dodged            |    88 |    51 ||   139
       Rpst.: Long sword |    38 |    19 ||    57

Table legend: (Time is in decaauts)
 A = Elapsed time spent in this place.
 B = Non-inter-level travel time spent in this place.
 C = Inter-level travel time spent in this place.
 D = Time resting spent in this place.
 E = Time spent auto-exploring this place.
 F = Levels seen in this place.
 G = Mean time per level.
                   A        B        C        D        E       F      G
               +--------+--------+--------+--------+--------+-----+--------+
         Total |   3571 |   3497 |     74 |   1007 |   1751 |   4 |  892.8 |
       Dungeon |   3571 |   3497 |     74 |   1007 |   1751 |   4 |  892.8 |
               +--------+--------+--------+--------+--------+-----+--------+

Top non-repeatable levels by time:
     D:3: 1312 daAuts
     D:2: 1077 daAuts
     D:1: 791 daAuts
     D:4: 389 daAuts
